 Dungeon Crawl Stone Soup version 0.31.0-11-ge490571c62 (webtiles) character file.

Game seed: 347748326729688367

2520 bearlyready the Grappler (level 9, -8/53 HPs)
             Began as an Octopode Shapeshifter on Feb 7, 2024.
             Mangled by Gastronok (29 damage)
             ... on level 8 of the Dungeon.
             The game lasted 00:10:25 (5960 turns).

bearlyready the Grappler (Octopode Shapeshifter)    Turns: 5960, Time: 00:10:25

Health: -8/53      AC:  1    Str: 17 (18) XL:     9   Next: 54%
Magic:  9/9        EV: 13    Int: 10 (12) God:
Gold:   273        SH:  0    Dex:  9 (11) Spells: 8/8 levels left

rFire   . . .        F - +6 dagger of Noklup {venom, rCorr SInv}
rCold   . . .        (no shield)
rNeg    . . .        (helmet currently unavailable)
rPois   .            z - amulet of magic regeneration
rElec   .            (no ring)
rCorr   +            (no ring)
SInv    +            (no ring)
Will    .....        (no ring)
Stlth   ++           (no ring)
HPRegen 0.28/turn    (no ring)
MPRegen 0.51/turn    (no ring)
                     (no ring)

%: no passive effects
@: beast-form
A: beast (slay +4), almost no armour, amphibious, 8 rings, camouflage 1,
gelatinous body 1, (nimble swimmer 1), tentacles
a: Begin Untransformation


You were on level 8 of the Dungeon.
You were a hulking beast.
You visited 1 branch of the dungeon, and saw 8 of its levels.

You collected 273 gold pieces.

Inventory:

Hand Weapons
 B - a +2 whip of electrocution
 F - the +6 dagger of Noklup (weapon) {venom, rCorr SInv}
   (You found it on level 8 of the Dungeon)

   SInv:      It lets you see invisible.
   rCorr:     It protects you from acid and corrosion.
Missiles
 e - 60 stones
 w - 3 silver javelins
 A - a poisoned dart (quivered)
 D - 6 javelins
Armour
 r - an orb of wrath
Jewellery
 z - an amulet of magic regeneration (around mantle)
Talismans
 b - a beast talisman
 c - a flux talisman
 n - a beast talisman
Wands
 x - a wand of charming (12)
Scrolls
 d - a scroll of blinking {unknown}
 g - 2 scrolls of vulnerability {unknown}
 h - 8 scrolls of identify {unknown}
 i - 2 scrolls of revelation {unknown}
 j - a scroll of silence {unknown}
 m - a scroll of enchant weapon {unknown}
 q - a scroll of fear {unknown}
 s - a scroll of fog {unknown}
 u - 2 scrolls of amnesia {unknown}
 E - a scroll of teleportation {unknown}
Potions
 f - a potion of attraction {unknown}
 k - a potion of degeneration
 l - a potion of haste {unknown}
 o - a potion of heal wounds
 p - a potion of cancellation {unknown}
 t - a potion of brilliance {unknown}
 v - 2 potions of invisibility {unknown}


   Skills:
 + Level 1.0 Fighting
 - Level 2.0 Dodging
 - Level 9.3 Unarmed Combat
 - Level 2.0 Evocations
 + Level 8.6 Shapeshifting


You had 8 spell levels left.
You didn't know any spells.
Your spell library contained the following spells:

 Spells                   Type           Power      Damage    Failure   Level
 Kiss of Death            Conj/Necr      0%         2d5       36%         1
 Summon Small Mammal      Summ           0%         N/A       36%         1
 Ensorcelled Hibernation  Hex/Ice        0%         N/A       50%         2
 Call Canine Familiar     Summ           0%         N/A       75%         3
 Confusing Touch          Hex            0%         N/A       75%         3
 Fugue of the Fallen      Necr           0%         N/A       75%         3
 Anguish                  Hex/Necr       0%         N/A       98%         4
 Dispel Undead            Necr           0%         3d6       98%         4
 Manifold Assault         Tloc           0%         N/A       98%         4
 Summon Blazeheart Golem  Fire/Summ      0%         N/A       98%         4
 Dispersal                Tloc           0%         N/A       100%        6
 Disjunction              Tloc           0%         N/A       100%        8


Dungeon Overview and Level Annotations

Branches:
Dungeon (8/15)
 Temple: D:4-7         Lair: D:8-11

Altars:
Ashenzari
Cheibriados
Dithmenos

Shops:
D:8 *([

Annotations:
D:8 Erica, Gastronok


Innate Abilities, Weirdness & Mutations

You are a hulking beast.
Your limbs bulge with bestial killing power. (Slay +4)
You cannot wear most types of armour.
You are amphibious.
You can wear up to eight rings at the same time.
Your skin changes colour to match your surroundings (Stealth+).
Your rubbery body absorbs attacks. (AC +1, EV +1)
((You are camouflaged when in or above water. (Stealth+)))
You have tentacles for arms and can constrict up to eight enemies at once.


Message History

You completely miss Gastronok.
Gastronok is heavily wounded.
Gastronok completely misses you.
Aiming: Fastroot
Press: ? - help, Shift-Dir - straight line, p - Gastronok The roots erupt in riotous growth!
Roots grab Gastronok.
The now-empty wand crumbles to dust.
The grasping roots constrict Gastronok.
You hear a shout!
You hit Gastronok. You punch Gastronok, but do no damage.
Gastronok is heavily wounded.
The grasping roots constrict Gastronok!
The roots release their grip on Gastronok.
Gastronok bites you!
* * * LOW HITPOINT WARNING * * *
It was a potion of degeneration.
There was something very wrong with that liquid.
You feel weakened.
You feel dopey.
You feel clumsy.
It was a potion of heal wounds.
You feel much better. Gastronok bites you but does no damage.
You hit Gastronok.
Gastronok looks as sick as possible!
Gastronok is severely wounded.
You hit Gastronok.
Gastronok looks as sick as possible!
Gastronok is severely wounded.
Gastronok wobbles crazily.
You hit Gastronok.
Gastronok looks as sick as possible!
You punch Gastronok.
Gastronok is severely wounded.
You hit Gastronok but do no damage.
Gastronok is almost dead.
You feel less wooden.
You turn into a hulking beast.
Gastronok wobbles crazily.
You hit Gastronok but do no damage.
Gastronok looks as sick as possible!
Gastronok is almost dead.
You completely miss Gastronok. You squeeze Gastronok.
Gastronok is almost dead.
Gastronok bites you!!
Ouch! That really hurt!
You die...
Gastronok gurgles, "About time.
I'm starving!"

##....( #.#
....... #.#
....... #.#
...?... #.#
.....#
##.#♣.....#
#....w....#
#..♣h♣....#
#......(.(..
##.#♣....###
#.# .......
#.# ....###
#.# ...?..
#.# #.###.#
#####.# .#
.# #.....#


You could see Gastronok (extremely poisoned).

Vanquished Creatures
  Pikel (D:5)
  Menkaure (D:5)
  A water moccasin (D:6)
  An ice beast (D:7)
  3 sky beasts (D:7)
  A black bear (D:4)
  3 ogres (D:5)
  A kobold brigand (D:7)
  Blork the orc (D:4)
  2 gnoll sergeants (D:7)
  A scorpion (D:5)
  4 wights (D:7)
  A jelly (D:5)
  3 bombardier beetles (D:5)
  2 hounds (D:4)
  2 orc priests (D:7)
  3 iguanas
  16 gnolls
  3 adders
  3 white imps
  2 dart slugs (D:1)
  3 ribbon worms
  5 orcs
  6 ball pythons
  4 endoplasms
  7 giant cockroaches
  7 hobgoblins
  4 jackals (D:5)
  2 quokkas (D:4)
  4 bats
  3 frilled lizards
  7 goblins
  9 kobolds
  6 rats
122 creatures vanquished.

Notes
Turn   | Place    | Note
-------+----------+-------------------------------------------
     0 | D:1      | bearlyready the Octopode Shapeshifter began the quest for
                  | the Orb.
     0 | D:1      | Reached XP level 1. HP: 13/13 MP: 1/1
    54 | D:1      | Reached XP level 2. HP: 14/18 MP: 2/2
   498 | D:1      | Reached XP level 3. HP: 23/23 MP: 3/3
  1140 | D:3      | Found a broken altar of Ashenzari.
  1362 | D:3      | Reached XP level 4. HP: 28/28 MP: 4/4
  1428 | D:3      | Reached skill level 4 in Unarmed Combat
  1827 | D:4      | Reached XP level 5. HP: 23/33 MP: 5/5
  1952 | D:4      | Noticed Blork the orc
  1959 | D:4      | Killed Blork the orc
  2155 | D:4      | Noticed a black bear
  2166 | D:4      | Killed a black bear
  2167 | D:4      | Reached skill level 5 in Unarmed Combat
  2167 | D:4      | Reached skill level 5 in Shapeshifting
  2167 | D:4      | Reached XP level 6. HP: 33/38 MP: 6/6
  2444 | D:4      | You fall into a shaft and drop 1 floor!
  2444 | D:5      | Entered Level 5 of the Dungeon
  2590 | D:5      | Reached XP level 7. HP: 37/43 MP: 7/7
  2795 | D:5      | Noticed Pikel
  2816 | D:5      | HP: 3/64 [Pikel/+2 whip of flaming (3)]
  2818 | D:5      | Killed Pikel
  2819 | D:5      | Reached skill level 7 in Unarmed Combat
  2819 | D:5      | Reached XP level 8. HP: 3/48 MP: 8/8
  3516 | D:5      | Noticed Menkaure
  3522 | D:5      | Killed Menkaure
  3656 | D:5      | Found a shadowy altar of Dithmenos.
  3675 | D:5      | Reached skill level 8 in Unarmed Combat
  3693 | D:5      | Found a snail-covered altar of Cheibriados.
  3991 | D:6      | Noticed a two-headed ogre
  4030 | D:7      | Reached skill level 1 in Evocations
  4030 | D:7      | Reached XP level 9. HP: 26/53 MP: 9/9
  4818 | D:7      | HP: 2/53 [gnoll sergeant/+0 spear (15)]
  4899 | D:7      | Reached skill level 9 in Unarmed Combat
  5522 | D:8      | Noticed Erica
  5522 | D:8      | Found Ziem's Antique Armour Shop.
  5603 | D:8      | Found Sinu's Assorted Antiques.
  5607 | D:8      | Identified the +6 dagger of Noklup {venom, rCorr SInv}
  5626 | D:8      | Found Russyontai's Antique Weapon Shop.
  5630 | D:8      | Noticed Gastronok
  5948 | D:8      | HP: 2/79 [Gastronok (25)]
  5960 | D:8      | Mangled by Gastronok

Illustrated notes

Levels and vault maps discovered:
D:1:      lemuel_arrival_behind_the_door_large, layout_basic, minmay_tripent
D:2:      layout_rooms
D:3:      layout_loops_cross, evilmike_ruin_ashenzari
D:4:      layout_rooms, uniq_blork_the_orc
D:5:      layout_loops_ring, slow_altar_2, nicolae_overflow_hidden_temple,
          uniq_menkaure, uniq_pikel
D:6:      layout_basic, minmay_temple_entry_waves
D:7:      layout_loops_ring
D:8:      layout_basic, lair_entry_dummy, serial_shops, nicolae_shop_trees,
          nicolae_shop_real_fake_doors, nicolae_shop_rolling_square, shop,
          kennysheep_kite_vault, uniq_erica, uniq_gastronok, uniq_joseph

Skill      XL: |  1  2  3  4  5  6  7  8  9 |
---------------+----------------------------+-----
Unarmed Combat | 4 5 7 8 9 |  9.3
Shapeshifting  | 4 5 6 7 8 |  8.6
Evocations     | 1 2 |  2.0
Fighting       | |  1.0
Dodging        | |  2.0

Action                     |  1- 3 |  4- 6 |  7- 9 || total
---------------------------+-------+-------+-------++-------
  Melee: Unarmed           |    75 |    69 |   113 ||   257
         Constrict         |    18 |    20 |    21 ||    59
         Tentacles         |    10 |    20 |    24 ||    54
         Punch             |     2 |     1 |    13 ||    16
         Dagger            |       |       |    18 ||    18
  Throw: Stone             |       |     1 |    16 ||    17
         Javelin           |       |       |     6 ||     6
         Dart              |       |       |     7 ||     7
  Evoke: Wand              |       |       |     9 ||     9
    Use: Potion            |       |       |     8 ||     8
   Stab: Sleeping          |     5 |     5 |     4 ||    14
 Armour: Skin              |    29 |    21 |    68 ||   118
  Dodge: Dodged            |    34 |    25 |    48 ||   107
